 Dungeon Sprint DCSS version 0.21-a0-401-g0b6bec4 (webtiles) character file.

2429 Kidiri the Fighter (level 9, -5/77 HPs)
             Began as a Demonspawn Gladiator on Oct 26, 2017.
             Was a High Priest of Wu Jian.
             Slain by a snapping turtle (25 damage)
             ... in the Dungeon (Sprint VII: "The Pits").
             The game lasted 00:09:01 (1693 turns).

Kidiri the Fighter (Demonspawn Gladiator)           Turns: 1693, Time: 00:09:01

Health: -5/77      AC:  3    Str: 17    XL:     9   Next: 24%
Magic:  9/9        EV: 18    Int: 13    God:    Wu Jian [*****.]
Gold:   0          SH:  6    Dex: 18    Spells: 8/8 levels left

rFire    . . .     SeeInvis .   a - +2 long sword (flame)
rCold    . . .     Gourm    .   x - +0 buckler
rNeg     . . .     Faith    .   b - +0 leather armour
rPois    .         Spirit   .   (helmet restricted)
rElec    .         Reflect  .   (no cloak)
rCorr    .         Harm     .   (no gloves)
MR       .....     NoTele   +   (no boots)
Stlth    +++.......             (no amulet)
HPRegen  0.22/turn              K - +3 ring of dexterity
MPRegen  0.11/turn              L - +3 ring of intelligence

@: no status effects
A: hooves 1, horns 2, spiny 2
a: Serpent's Lash, Heavenly Storm, Renounce Religion


You were in the Dungeon.
You worshipped Wu Jian.
Wu Jian was extremely pleased with you.
You were very full.

You visited 1 branch

Inventory:

Hand Weapons
 a - a +2 long sword of flaming (weapon)
Missiles
 r - 8 stones
 B - a throwing net (quivered)
Armour
 b - a +0 leather armour (worn)
 x - a +0 buckler (worn)
Jewellery
 K - a +3 ring of dexterity (left hand)
 L - a +3 ring of intelligence (right hand)
Scrolls
 k - a scroll of blinking
 m - 3 scrolls of remove curse
 n - 5 scrolls of amnesia
 o - a scroll of summoning
Potions
 e - 9 potions of curing
 i - 4 potions of magic
 j - 3 potions of berserk rage
 l - 2 potions of invisibility
 t - 5 potions of heal wounds
 M - a potion of haste
 N - a potion of agility
Comestibles
 f - 8 bread rations
 p - 29 fruits
 q - 7 meat rations


   Skills:
 * Level 9.5 Fighting
 * Level 9.0 Long Blades
 * Level 8.7 Throwing
 + Level 5.8 Armour
 * Level 9.0 Dodging
 + Level 6.3 Stealth
 + Level 5.0 Shields


You had 8 spell levels left.
You didn't know any spells.

Dungeon Overview and Level Annotations

Branches:
Dungeon (1/1)

Altars:
Ashenzari
Cheibriados
Dithmenos
Elyvilon
Fedhas
Gozag
Hepliaklqana
Kikubaaqudgha
Makhleb
Nemelex Xobeh
Okawaru
Qazlal
Ru
Sif Muna
Trog
Uskayaw
Vehumet
Wu Jian
Xom
Yredelemnul
Zin
The Shining One
Beogh
Jiyva
Lugonu

Annotations:
D exclusions: 4 doors and 4 more exclusions


Innate Abilities, Weirdness & Mutations

You have a pair of horns on your head.
You are mostly covered in sharp spines.
You have large cloven feet.


Message History

You spin and attack the worker ant.
You slash the worker ant! You burn the worker ant.
Your kick misses the worker ant. You headbutt the worker ant.
You kill the worker ant!
The Council accepts your kill. The shadow hits you!
The snapping turtle bites you from afar!!
You fail to use your ability.
The shadow is struck by your spines. The shadow misses you.
The snapping turtle bites you from afar!!
* * * LOW HITPOINT WARNING * * *
Unknown command.
Okay, then.
Unknown command.
Okay, then.
The shadow slips into darkness.
The shadow flickers and vanishes!
Deactivating autopickup; reactivate with Ctrl-A.
The snapping turtle bites you from afar!!
You die...

#.......##..##
#.......##...##
#...<...###...##+##. ##
#.......# ##........ D##
#.......###..###+### ..#
#.......##..##.....##..#
##########..+..t.{..+..+
##########..##..†..##..#
...#..[[###..###@###...#
...#..[[# ##..........#
...+..))###)..##+##..##
...#..))##...##...##..#
...#).))##..###.%.###..+
############# ##### ###


You could see a snapping turtle.

Vanquished Creatures
  A two-headed ogre (D)
  A freezing wraith (D)
  A bog body (D)
  A redback (D)
  A wraith (D)
  A fire bat (D)
  A water moccasin (D)
  A phantom (D)
  An eye of draining (D)
  2 centaurs (D)
  A gnoll sergeant (D)
  5 wights (D)
  A jelly (D)
  A quasit (D)
  An orc wizard (D)
  3 worker ants (D)
  5 gnolls (D)
  An adder (D)
  2 river rats (D)
  A white imp (D)
  2 leopard geckos (D)
  2 orcs (D)
  A bat skeleton (D)
  A giant cockroach (D)
  A hobgoblin (D)
  A leopard gecko zombie (D)
  A rat (D)
41 creatures vanquished.

Notes
Turn   | Place    | Note
-------+----------+-------------------------------------------
     0 | D        | Kidiri the Demonspawn Gladiator began the quest for the Orb.
     0 | D        | Reached XP level 1. HP: 16/16 MP: 1/1
    30 | D        | Gained mutation: You are partially covered in sharp spines. [demonic ancestry]
    30 | D        | Reached XP level 2. HP: 23/23 MP: 2/2
    65 | D        | Found a bloodstained altar of Trog.
    65 | D        | Found a deep blue altar of Sif Muna.
    65 | D        | Found a viscous altar of Jiyva.
    65 | D        | Found a hazy altar of Hepliaklqana.
    65 | D        | Found an opulent altar of Gozag.
    66 | D        | Found a glowing golden altar of the Shining One.
    66 | D        | Found a glowing silver altar of Zin.
    66 | D        | Found a basalt altar of Yredelemnul.
    66 | D        | Found a shimmering altar of Xom.
    66 | D        | Found an ornate altar of the Wu Jian Council.
    66 | D        | Found a sacrificial altar of Ru.
    66 | D        | Found a stormy altar of Qazlal.
    66 | D        | Found an iron altar of Okawaru.
    66 | D        | Found a sparkling altar of Nemelex Xobeh.
    66 | D        | Found a burning altar of Makhleb.
    66 | D        | Found a blossoming altar of Fedhas.
    66 | D        | Found a white marble altar of Elyvilon.
    66 | D        | Found a shadowy altar of Dithmenos.
    66 | D        | Found a snail-covered altar of Cheibriados.
    69 | D        | Found a corrupted altar of Lugonu.
    69 | D        | Found a radiant altar of Vehumet.
    69 | D        | Found a roughly hewn altar of Beogh.
    70 | D        | Found an ancient bone altar of Kikubaaqudgha.
    70 | D        | Found a hide-covered altar of Uskayaw.
    70 | D        | Found a shattered altar of Ashenzari.
    77 | D        | Became a worshipper of the Wu Jian Council
    96 | D        | Reached skill level 1 in Stealth
   100 | D        | Reached skill level 1 in Armour
   100 | D        | Reached XP level 3. HP: 29/29 MP: 3/3
   129 | D        | Reached * piety under Wu Jian
   248 | D        | Reached ** piety under Wu Jian
   455 | D        | Noticed a gnoll sergeant
   473 | D        | Killed a gnoll sergeant
   473 | D        | Gained mutation: You are mostly covered in sharp spines. [demonic ancestry]
   473 | D        | Reached XP level 4. HP: 20/38 MP: 4/4
   481 | D        | Reached *** piety under Wu Jian
   494 | D        | Reached XP level 5. HP: 31/43 MP: 5/5
   719 | D        | Noticed a water moccasin
   721 | D        | Reached skill level 5 in Fighting
   721 | D        | Reached skill level 5 in Long Blades
   721 | D        | Reached skill level 5 in Dodging
   733 | D        | Killed a water moccasin
   733 | D        | Reached **** piety under Wu Jian
   733 | D        | Reached skill level 5 in Throwing
   733 | D        | Reached skill level 1 in Shields
   737 | D        | Reached XP level 6. HP: 35/52 MP: 6/6
   902 | D        | Reached ***** piety under Wu Jian
   967 | D        | Gained mutation: You have a pair of small horns on your head. [demonic ancestry]
   967 | D        | Reached XP level 7. HP: 60/60 MP: 7/7
  1102 | D        | Reached skill level 5 in Stealth
  1146 | D        | Gained mutation: You are clumsy. (Dex -2) [potion of mutation]
  1146 | D        | Gained mutation: You are weak. (Str -2) [potion of mutation]
  1146 | D        | Gained mutation: Your spells are a little harder to cast, but a little more powerful. [potion of mutation]
  1147 | D        | Lost mutation: You are clumsy. (Dex -2) [potion of mutation]
  1147 | D        | Lost mutation: You are weak. (Str -2) [potion of mutation]
  1147 | D        | Lost mutation: Your spells are a little harder to cast, but a little more powerful. [potion of mutation]
  1147 | D        | Gained mutation: Your spells are a little harder to cast, but a little more powerful. [potion of mutation]
  1147 | D        | Gained mutation: You are somewhat resistant to further mutation. [potion of mutation]
  1148 | D        | Lost mutation: Your spells are a little harder to cast, but a little more powerful. [potion of mutation]
  1148 | D        | Lost mutation: You are somewhat resistant to further mutation. [potion of mutation]
  1148 | D        | Gained mutation: You have large cloven feet. [potion of mutation]
  1148 | D        | Gained mutation: You have a pair of horns on your head. [potion of mutation]
  1250 | D        | Noticed a fire bat
  1252 | D        | Noticed a wraith
  1254 | D        | Killed a wraith
  1254 | D        | Mutation became permanent: You have a pair of small horns on your head. [demonic ancestry]
  1254 | D        | Gained mutation: You have a pair of horns on your head. [demonic ancestry]
  1254 | D        | Reached XP level 8. HP: 59/68 MP: 8/8
  1338 | D        | Noticed a two-headed ogre
  1340 | D        | Killed a two-headed ogre
  1340 | D        | Reached skill level 5 in Armour
  1471 | D        | Reached XP level 9. HP: 63/76 MP: 9/9
  1476 | D        | Noticed a freezing wraith
  1485 | D        | Killed a freezing wraith
  1485 | D        | Reached skill level 5 in Shields
  1693 | D        | Slain by a snapping turtle

Vault maps used:
D:        pitsprint

Skill      XL: |  1  2  3  4  5  6  7  8  9 |
---------------+----------------------------+-----
Long Blades    | 3 4 5 6 7 8 9 |  9.0
Throwing       | 2 3 4 5 6 7 8 |  8.7
Dodging        | 3 4 5 6 7 8 9 |  9.0
Stealth        | 1 2 3 4 5 6 |  6.3
Fighting       | 3 4 5 7 8 9 |  9.5
Armour         | 1 2 3 4 5 |  5.8
Shields        | 1 2 3 4 5 |  5.0

Action                   |  1- 3 |  4- 6 |  7- 9 || total
-------------------------+-------+-------+-------++-------
Melee: Long sword        |     2 |    33 |    54 ||    89
       Falchion          |    23 |     9 |       ||    32
       Headbutt          |       |       |    13 ||    13
       Kick              |       |       |     7 ||     7
Throw: Throwing net      |     2 |     5 |       ||     7
       Stone             |       |     7 |       ||     7
Invok: Serpent's Lash    |       |     3 |     6 ||     9
       Heavenly Storm    |       |       |     1 ||     1
  Use: Potion            |     1 |     4 |     3 ||     8
 Stab: Held in net/web   |     1 |     1 |       ||     2
       Sleeping          |       |     2 |     7 ||     9
  Eat: Fruit             |       |       |    11 ||    11
Armor: Leather armour    |     5 |     5 |     6 ||    16
Dodge: Dodged            |    20 |    19 |    29 ||    68
Block: Buckler           |       |     7 |    15 ||    22
       Rpst.: Long sword |     1 |     6 |     4 ||    11
       Falchion          |     5 |     2 |       ||     7

Table legend:
 A = Spawn XP
 B = Non-spawn XP
 C = Spawn XP percentage of total XP
 D = Spawn monster count
 E = Non-spawn monster count
 F = Spawn count percentage of total count
 G = Total turns spent on level
                    A         B        C        D         E        F      G
               +---------+---------+-------+---------+---------+-------+---------
         Total |       0 |    3471 |   0.0 |       0 |      41 |   0.0 |  1693
               +---------+---------+-------+---------+---------+-------+---------
             D |       0 |    3471 |   0.0 |       0 |      41 |   0.0 |  1693
               +---------+---------+-------+---------+---------+-------+---------
